 Dungeon Crawl Stone Soup version 0.17-a0-1301-ga863c44 (webtiles) character file.

85400 patman the Black Belt (level 14, -4/116 HPs)
             Began as a Demigod Transmuter on June 7, 2015.
             Splashed by a brown ugly thing's acid (5 damage)
             ... on level 14 of the Dungeon.
             The game lasted 02:06:31 (29308 turns).

patman the Black Belt (Demigod Transmuter)         Turns: 29308, Time: 02:06:31

Health: -4/116     AC: -3    Str: 11    XL:     14   Next: 99%
Magic:  20/20      EV:  2    Int: 26    God:
Gold:   687        SH:  0    Dex: 31    Spells: 5 memorised, 1 level left

rFire  + . .     SeeInvis +       - Unarmed
rCold  + . .     Clarity  .     c - +2 troll leather armour of Midsummer {Regen+ SInv}
rNeg   + + +     SustAt   +     (shield currently unavailable)
rPois  ∞         Gourm    .     R - +0 hat {MR+}
rElec  .         Spirit   .     N - +2 cloak of the Archfiend {Int+4 Dex+3 Stlth+}
rCorr  .         Warding  .     (gloves currently unavailable)
rMut   .         Stasis   .     M - +2 pair of boots of Uwipilu {rC+ Stlth+}
MR     ++...                    C - amulet of Qihebuh {+Fly Regen+ Str-2 Int+3 Dex+6}
Stlth  ++++......               n - ring of protection from fire
                                s - +3 ring of protection

@: blade hands (expiring), petrified, corroded equipment, very resistant to
hostile enchantments, stealthy
A: high mp 1, sustain attributes
a: End Transformation, Evoke Flight


You were on level 14 of the Dungeon.
You were not hungry.
You had blades for hands.
You visited 3 branches of the dungeon, and saw 26 of its levels.
You visited 1 bazaar.
You also visited: Labyrinth, Sewer and Volcano.

You collected 2791 gold pieces.
You spent 2104 gold pieces at shops.

Inventory:

Hand weapons
 j - a +1 blowgun
Missiles
 e - 757 stones (quivered)
 m - 115 poisoned needles
Armour
 c - the +2 troll leather armour of Midsummer (worn) {Regen+ SInv}
   (You bought it in a shop on level 4 of the Orcish Mines)

   It lets you see invisible.
   It increases your rate of regeneration.
 M - the +2 pair of boots of Uwipilu (worn) {rC+ Stlth+}
   (You found it on level 8 of the Lair of Beasts)

   It protects you from cold.
   It makes you more stealthy.
 N - the +2 cloak of the Archfiend (worn) {Int+4 Dex+3 Stlth+}
   (You bought it in a shop on level 7 of the Dungeon)

   It affects your intelligence (+4).
   It affects your dexterity (+3).
   It makes you more stealthy.
 R - a +0 hat of magic resistance (worn)
 U - a +0 pair of boots of fire resistance
Jewellery
 n - a ring of protection from fire (right scythe-like blade)
 s - a +3 ring of protection (left scythe-like blade)
 v - an uncursed ring of protection from fire
 A - an uncursed ring of stealth
 C - the amulet of Qihebuh (around neck) {+Fly Regen+ Str-2 Int+3 Dex+6}
   (You found it on level 4 of the Dungeon)

   [amulet of regeneration]

   It affects your strength (-2).
   It affects your intelligence (+3).
   It affects your dexterity (+6).
   It lets you fly.
   It increases your rate of regeneration.
Magical devices
 a - a wand of draining (6)
 b - a wand of heal wounds (9)
 y - a wand of fire (8)
 D - a wand of cold (15)
 S - a wand of disintegration (2)
 Y - a wand of digging (5)
Scrolls
 g - a scroll of recharging
 h - 13 scrolls of remove curse
 l - 7 scrolls of teleportation
 p - 4 scrolls of immolation
 q - 2 scrolls of blinking
 r - 3 scrolls of amnesia
 t - a scroll of magic mapping
 x - 3 scrolls of enchant armour
 V - a scroll of fear
Potions
 i - a potion of magic
 k - 9 potions of curing
 o - 8 potions of might
 w - 4 potions of haste
 B - 4 potions of resistance
 F - 4 potions of flight
 G - 2 potions of heal wounds
 H - a potion of ambrosia
 J - 2 potions of agility
 L - 2 potions of invisibility
 O - 4 potions of berserk rage
 P - a potion of cancellation
 Q - a potion of cure mutation
 T - 3 potions of brilliance
Books
 u - a book of the Earth

   Spells                             Type                      Level
   a - Leda's Liquefaction            Hexes/Earth                  4
   b - Bolt of Magma                  Conjuration/Fire/Earth       5
   c - Statue Form                    Transmutation/Earth          6
   d - Iron Shot                      Conjuration/Earth            6
   e - Shatter                        Earth                        9
 I - a book of Minor Magic

   Spells                             Type                      Level
   a - Magic Dart                     Conjuration                  1
   b - Blink                          Translocation                2
   c - Call Imp                       Summoning                    2
   d - Repel Missiles                 Charms/Air                   2
   e - Slow                           Hexes                        2
   f - Conjure Flame                  Conjuration/Fire             3
   g - Mephitic Cloud                 Conjuration/Poison/Air       3
 K - a book of Transfigurations

   Spells                             Type                      Level
   a - Stoneskin                      Transmutation/Earth          2
   b - Irradiate                      Conjuration/Transmutation    5
   c - Statue Form                    Transmutation/Earth          6
   d - Hydra Form                     Transmutation                6
   e - Dragon Form                    Transmutation                7
Miscellaneous
 Z - a fan of gales
Comestibles
 d - 9 bread rations
 f - 3 royal jellies
 z - 6 meat rations
 X - 20 fruits


   Skills:
 - Level 8.4 Fighting
 - Level 6.6 Armour
 * Level 11.7 Dodging
 - Level 16.1 Unarmed Combat
 - Level 1.7 Spellcasting
 - Level 10.9 Transmutations
 - Level 4.0 Ice Magic
 - Level 2.0 Poison Magic


You had one spell level left.
You knew the following spells:

 Your Spells              Type           Power        Failure   Level  Hunger
a - Apportation           Tloc           #.........   58%         1    #......
A - Blade Hands           Trmt           ######....   36%         5    ######.
B - Blink                 Tloc           N/A          67%         2    ##.....
I - Ice Form              Ice/Trmt       #####...     45%         4    #####..
S - Spider Form           Trmt/Pois      #####.....   28%         3    ###....


Dungeon Overview and Level Annotations

Branches:
Dungeon (14/15)            Temple (0/1) D:5            Lair (8/8) D:11
 Shoals (0/4) Lair:4       Spider (0/4) Lair:4        Slime (0/6) Lair:8
    Orc (4/4) D:12            Elf (0/3) Orc:3
 Vaults: D:13-14

Shops:
D:7 [   D:11 *   D:12 =   Orc:2 :   Orc:3 }   Orc:4 ?:*[

Annotations:
D:1 exclusion: downstairs
D:2 exclusions: adder and 2 more exclusions, Sigmund
D:3 exclusion: oklob plant
D:11 bazaar, Erolcha


Innate Abilities, Weirdness & Mutations

You have an increased reservoir of magic (+10% MP).
Your attributes are resistant to harm.


Message History

You are splashed with acid!
The acid corrodes you!
The acid burns!
* * * LOW HITPOINT WARNING * * *
The centaur warrior hits you!
* * * LOW HITPOINT WARNING * * *
The brown ugly thing headbutts you.
You are splashed with acid!
The acid corrodes you!
The acid burns!
* * * LOW HITPOINT WARNING * * *
The centaur warrior hits you but does no damage.
The centaur warrior hits you!
* * * LOW HITPOINT WARNING * * *
The brown ugly thing headbutts you.
* * * LOW HITPOINT WARNING * * *
You are splashed with acid!
The acid corrodes you!
The acid burns!
* * * LOW HITPOINT WARNING * * *
The centaur warrior hits you.
* * * LOW HITPOINT WARNING * * *
The brown ugly thing headbutts you.
* * * LOW HITPOINT WARNING * * *
You are splashed with acid!
The acid corrodes you!
The acid burns!
You die...

######### .......P#
#..≈≈≈≈.# ##
...≈≈≈≈.# ...#
#####/.≈≈≈≈.# #.PP.
#...#..≈≈≈≈^.
#.P..P###.###uP..≈P.Y
#...cnc@uY.()<#...>..
##PPcP#####+### #####
####


You could see a ghoul, a catoblepas, 2 ugly things, a centaur warrior and 2
centaurs.

Vanquished Creatures
  Rupert (D:12)
  Frances (D:13)
  Nessos (Orc:4)
  The ghost of Borgoz the Blocker, a powerful TrFi of Makhleb (Orc:2)
  A fire dragon (Lair:8)
  A minotaur (Lab)
  2 hydras
  A catoblepas (D:13)
  A centaur warrior (D:9)
  A tengu warrior (D:13)
  16 death yaks
  3 orc high priests (Orc:4)
  The ghost of Hanyuu the Cleaver, an experienced DsGl of Makhleb (D:8)
  Urug (D:10)
  A deep elf knight (Volcano)
  Nergalle (Lair:2)
  3 hill giants
  Pikel (D:8)
  4 orc knights (Orc:4)
  4 orc sorcerers (Orc:4)
  4 ugly things
  4 slime creatures
  2 black mambas
  A griffon (Lair:7)
  A manticore (D:11)
  2 cyclopes
  A siren (Lair:4)
  2 torpor snails
  8 spiny frogs
  A gargoyle (D:10)
  A kobold demonologist (D:12)
  3 fire drakes
  9 komodo dragons
  A queen bee (Lair:2)
  4 trolls
  10 polar bears
  A merfolk (Lair:4)
  14 blink frogs
  3 raiju (Lair:8)
  Prince Ribbit (D:8)
  2 ravens (D:13)
  4 wandering mushrooms (Lab)
  A deep elf mage (D:13)
  A spriggan (Lair:7)
  61 yaks
  2 wyverns
  A wraith (D:14)
  2 steam dragons (Lair:8)
  A fire bat (Volcano)
  13 wargs
  2 shadows (Lab)
  9 hippogriffs
  2 soldier ants (D:8)
  7 hungry ghosts
  A deep elf fighter (Volcano)
  Menkaure (D:6)
  2 vampire mosquitoes (D:13)
  5 mottled dragons
  3 hell hounds (Lair:8)
  15 wolves
  17 water moccasins
  18 porcupines
  3 phantoms
  2 sky beasts
  3 slaves (D:8)
  26 orc warriors
  15 black bears
  5 centaurs
  A wasp (D:12)
  11 ogres
  5 ice beasts
  19 crocodiles
  3 big kobolds
  19 giant frogs
  A water moccasin skeleton (D:8)
  2 wyvern skeletons
  A wyvern zombie (D:13)
  33 killer bees
  4 wights (D:12)
  4 scorpions
  A giant frog zombie (D:11)
  2 crimson imps
  An electric eel (Lair:1)
  6 lava snakes (Volcano)
  19 hounds
  2 centaur zombies
  31 orc priests
  2 jellies
  36 orc wizards
  2 centaur skeletons
  10 iguanas
  4 worker ants
  19 sheep
  2 hound skeletons
  A worker ant zombie (D:8)
  43 river rats
  10 adders
  10 gnolls
  3 shadow imps
  An adder zombie (D:9)
  4 worms
  4 giant geckos
  216 orcs
  9 bats
  5 giant cockroaches
  11 hobgoblins
  20 jackals
  3 quokkas
  2 ball pythons
  4 giant newts
  21 goblins
  32 kobolds
  25 rats
  A fungus (Lair:8)
  6 plants
  4 toadstools (D:1)
1018 creatures vanquished.

Vanquished Creatures (others)
  3 death yaks (Lair:8)
  A mottled dragon (Lair:8)
  2 deep elf fighters (Volcano)
  A slave (D:8)
  A wyvern zombie (D:14)
  2 orc priests (D:8)
  A hound (Lair:8)
  An adder (D:11)
  A river rat (Lair:1)
  A shadow imp (D:11)
  An orc (D:8)
  A fungus (Lair:4)
  7 plants
  A toadstool (D:1)
24 creatures vanquished.

Grand Total: 1042 creatures vanquished

Notes
Turn   | Place    | Note
--------------------------------------------------------------
     0 | D:1      | patman the Demigod Transmuter began the quest for the Orb.
     0 | D:1      | Reached XP level 1. HP: 15/15 MP: 5/5
   635 | D:1      | Reached XP level 2. HP: 20/22 MP: 7/7
  1142 | D:1      | Reached skill level 3 in Transmutations
  1483 | D:2      | Noticed Sigmund
  1613 | D:2      | Reached XP level 3. HP: 27/27 MP: 8/8
  1618 | D:2      | Learned a level 3 spell: Spider Form
  1683 | D:2      | Reached skill level 1 in Poison Magic
  1994 | D:2      | Found a shimmering altar of Xom.
  2058 | D:2      | Reached XP level 4. HP: 27/34 MP: 9/9
  2087 | D:2      | Found an iron altar of Okawaru.
  2542 | D:3      | Noticed a giant frog
  2554 | D:3      | Killed a giant frog
  2559 | D:3      | Reached skill level 4 in Unarmed Combat
  2559 | D:3      | Reached XP level 5. HP: 26/39 MP: 6/10
  3138 | D:3      | Found a blossoming altar of Fedhas.
  3172 | D:3      | Noticed an oklob plant
  3626 | D:4      | Reached skill level 5 in Unarmed Combat
  3640 | D:4      | Reached XP level 6. HP: 41/46 MP: 6/11
  4021 | D:4      | Found an ancient bone altar of Kikubaaqudgha.
  4025 | D:4      | Noticed an ogre
  4041 | D:4      | Killed an ogre
  4332 | D:4      | Reached skill level 6 in Unarmed Combat
  4489 | D:4      | Found a shattered altar of Ashenzari.
  4519 | D:4      | Got a slimy silver amulet
  4699 | D:4      | Found a shadowy altar of Dithmenos.
  4872 | D:5      | Entered Level 5 of the Dungeon
  4876 | D:5      | Found a white marble altar of Elyvilon.
  4982 | D:5      | Found a glowing drain.
  5005 | D:5      | Reached XP level 7. HP: 25/51 MP: 12/12
  5205 | Sewer    | Entered a sewer
  5301 | Sewer    | Reached skill level 7 in Unarmed Combat
  5335 | Sewer    | Found a white marble altar of Elyvilon.
  5460 | D:5      | Found a staircase to the Ecumenical Temple.
  5729 | D:5      | Learned a level 2 spell: Blink
  5867 | D:5      | Reached skill level 8 in Unarmed Combat
  6358 | D:5      | Reached XP level 8. HP: 58/58 MP: 10/13
  6375 | D:5      | Identified the amulet of Qihebuh {+Fly Regen+ Str-2 Int+3 Dex+6} (You found it on level 4 of the Dungeon)
  6681 | D:5      | Reached skill level 9 in Unarmed Combat
  7020 | D:6      | Reached skill level 10 in Unarmed Combat
  7247 | D:6      | Noticed Menkaure
  7254 | D:6      | Killed Menkaure
  7517 | D:7      | Found a glowing golden altar of the Shining One.
  7767 | D:7      | Found Coqoem's Antique Armour Shoppe.
  7783 | D:7      | Bought a heavily runed cloak for 152 gold pieces
  7809 | D:7      | Identified the +2 cloak of the Archfiend {Int+4 Dex+3 Stlth+} (You bought it in a shop on level 7 of the Dungeon)
  7823 | D:7      | Reached XP level 9. HP: 63/63 MP: 14/14
  7832 | D:7      | Learned a level 4 spell: Ice Form
  7960 | D:7      | Found a burning altar of Makhleb.
  8027 | D:7      | Found a bloodstained altar of Trog.
  8499 | D:8      | Noticed Pikel
  8686 | D:8      | Reached skill level 5 in Transmutations
  8921 | D:8      | Noticed Prince Ribbit
  8946 | D:8      | Killed Prince Ribbit
  9127 | D:8      | Noticed Hanyuu's ghost (experienced DsGl)
  9447 | D:9      | Found a burning altar of Makhleb.
  9447 | D:9      | Noticed a cacodemon
  9523 | D:9      | Reached skill level 1 in Ice Magic
  9623 | D:10     | Entered Level 10 of the Dungeon
  9690 | D:10     | Noticed Urug
  9730 | D:9      | Noticed a centaur warrior
  9749 | D:9      | Killed a centaur warrior
  9834 | D:9      | Reached skill level 1 in Fighting
  9847 | D:9      | Reached XP level 10. HP: 71/71 MP: 10/15
  9967 | D:9      | Found a basalt altar of Yredelemnul.
 10136 | D:9      | Found a sparkling altar of Nemelex Xobeh.
 10549 | D:8      | Paralysed by Pikel for 6 turns
 10556 | D:8      | Killed Pikel
 10689 | D:8      | Killed Hanyuu's ghost
 10834 | D:8      | Reached skill level 5 in Dodging
 10865 | D:8      | Reached skill level 5 in Fighting
 11045 | D:10     | Noticed a gargoyle
 11059 | D:10     | Killed a gargoyle
 11561 | D:10     | Killed Urug
 11644 | D:10     | Found a glowing golden altar of the Shining One.
 11762 | D:11     | Found Hahasm's General Store.
 11765 | D:11     | Bought a scroll of teleportation for 42 gold pieces
 11765 | D:11     | Bought a potion of berserk rage for 70 gold pieces
 11831 | D:11     | Noticed a manticore
 11843 | D:11     | Killed a manticore
 11843 | D:11     | Reached XP level 11. HP: 57/89 MP: 13/17
 12198 | D:11     | Noticed Erolcha
 12339 | D:11     | Found a staircase to the Lair.
 12382 | D:11     | Found a gateway to a bazaar.
 12542 | D:11     | Noticed a cyclops
 12548 | D:11     | Killed a cyclops
 12954 | D:12     | Noticed Rupert
 12973 | D:12     | Killed Rupert
 13130 | D:12     | Found Witto's Jewellery Shoppe.
 13562 | D:12     | Reached skill level 11 in Unarmed Combat
 13564 | D:12     | Found a roughly hewn altar of Beogh.
 13567 | D:12     | Found a staircase to the Orcish Mines.
 14411 | D:12     | Noticed an eight-headed hydra
 14418 | D:12     | Killed an eight-headed hydra
 14430 | Orc:1    | Entered Level 1 of the Orcish Mines
 14438 | Orc:1    | Reached XP level 12. HP: 103/103 MP: 16/18
 14440 | Orc:1    | Reached skill level 12 in Unarmed Combat
 14901 | Orc:2    | Found Juojuyre's Book Emporium.
 14952 | Orc:2    | Found a bloodstained altar of Trog.
 15087 | Orc:2    | Noticed Borgoz's ghost (powerful TrFi)
 15776 | Orc:3    | Found a staircase to the Elven Halls.
 15834 | Orc:3    | Found Vuranom's Quality Used Wands.
 16177 | Orc:4    | Entered Level 4 of the Orcish Mines
 16225 | Orc:4    | Found a bloodstained altar of Trog.
 16432 | Orc:4    | Noticed Nessos
 16573 | Bazaar   | Entered a bazaar
 16573 | Bazaar   | Found Rimageco's Book Shoppe.
 16573 | Bazaar   | Found Waiffywk's Distillery.
 16573 | Bazaar   | Found Sigup's Book Emporium.
 16613 | Bazaar   | Bought a potion of haste for 110 gold pieces
 16613 | Bazaar   | Bought a potion of invisibility for 88 gold pieces
 16613 | Bazaar   | Bought a potion of heal wounds for 55 gold pieces
 16613 | Bazaar   | Bought a potion of invisibility for 88 gold pieces
 16613 | Bazaar   | Bought a potion of heal wounds for 55 gold pieces
 16613 | Bazaar   | Bought a potion of might for 44 gold pieces
 16613 | Bazaar   | Bought a potion of heal wounds for 55 gold pieces
 16639 | Lair:1   | Entered Level 1 of the Lair of Beasts
 16787 | Lair:1   | Reached skill level 13 in Unarmed Combat
 17663 | Lair:2   | Noticed Nergalle
 17667 | Lair:2   | Killed Nergalle
 17706 | Lair:2   | Found a dark tunnel.
 17779 | Volcano  | Entered a volcano
 17804 | Volcano  | Reached skill level 14 in Unarmed Combat
 18011 | Volcano  | Found a burning altar of Makhleb.
 19821 | Lair:4   | Found a hole to the Spider Nest.
 19846 | Lair:4   | Reached XP level 13. HP: 100/108 MP: 19/19
 19890 | Lair:4   | Reached skill level 15 in Unarmed Combat
 20079 | Lair:4   | Noticed a seven-headed hydra
 20325 | Lair:4   | Killed a seven-headed hydra
 20529 | Lair:4   | Found a staircase to the Shoals.
 21134 | D:7      | Bought a transparent plate armour for 448 gold pieces
 21144 | D:7      | Identified the +7 plate armour of Resourcefulness {Str+3 Slay-5} (You bought it in a shop on level 7 of the Dungeon)
 21596 | Lair:5   | Learned a level 5 spell: Blade Hands
 23322 | Lair:7   | Found a labyrinth entrance.
 23331 | Lab      | Entered a labyrinth
 23649 | Lab      | Found an exit through the horrors of the Abyss.
 23996 | Lab      | Learned a level 1 spell: Apportation
 23998 | Lab      | Identified a scroll of acquirement
 24359 | Lair:7   | Reached skill level 10 in Transmutations
 25359 | Lair:8   | Entered Level 8 of the Lair of Beasts
 25431 | Lair:8   | Reached skill level 16 in Unarmed Combat
 25431 | Lair:8   | Reached XP level 14. HP: 71/116 MP: 17/20
 25586 | Lair:8   | Reached skill level 1 in Armour
 26176 | Lair:8   | Found a viscous altar of Jiyva.
 26176 | Lair:8   | Found a staircase to the Slime Pits.
 26895 | Lair:8   | Reached skill level 10 in Dodging
 26931 | Lair:8   | Reached skill level 5 in Armour
 27096 | Lair:8   | Got a pair of polished boots
 27107 | Lair:8   | Identified the +2 pair of boots of Uwipilu {rC+ Stlth+} (You found it on level 8 of the Lair of Beasts)
 27607 | Orc:4    | Killed Nessos
 28053 | Orc:4    | Found Vodot's Magic Scroll Emporium.
 28053 | Orc:4    | Found Yxtyjoa's Book Shop.
 28055 | Orc:4    | Found Uppargh's General Store.
 28055 | Orc:4    | Found Xozuviri's Antique Armour Shop.
 28061 | Orc:4    | Bought a scroll of identify for 26 gold pieces
 28062 | Orc:4    | Bought a scroll of identify for 26 gold pieces
 28072 | Orc:4    | Bought a distressingly furry troll leather armour for 560 gold pieces
 28082 | Orc:4    | Identified the +2 troll leather armour of Midsummer {Regen+ SInv} (You bought it in a shop on level 4 of the Orcish Mines)
 28086 | Orc:4    | Bought an ichor-stained robe for 159 gold pieces
 28086 | Orc:4    | Bought a glowing helmet for 126 gold pieces
 28104 | Orc:4    | Identified the +3 robe of the Catfish {Str+4} (You bought it in a shop on level 4 of the Orcish Mines)
 28453 | Orc:2    | Killed Borgoz's ghost
 28959 | D:13     | Noticed Frances
 28965 | D:13     | Killed Frances
 29307 | D:14     | HP: 5/116 [acid (3)]
 29308 | D:14     | HP: 1/116 [brown ugly thing (2)]
 29308 | D:14     | Splashed by a brown ugly thing's acid

Vault maps used:
D:1:      ldierk_walled_garden
D:2:      overflow_temple_1_default, okawaru_metal_pillars_3, first_bread,
          uniq_sigmund
D:3:      tgw_fedhas
D:4:      cheibrodos_ashenzari_chains, nicolae_dithmenos_shadow_blocks,
          nicolae_overflow_crystal_walls, corexii_corridor_pit
D:5:      old_standard_altar, portal_sewer_entry_a
D:6:      uniq_menkaure
D:7:      overflow_temple_1_default, grunt_temple_overflow_open, serial_shops,
          shop
D:8:      hangedman_pestilent_swarm, uniq_pikel, uniq_prince_ribbit1
D:9:      nemelex_deck, yredelemnul_altar_generic, makhleb_altar_promises_db
D:10:     nicolae_tso_carved_into_rock, uniq_urug
D:11:     erik_lair_orcish_takeover, serial_shops, freezing_bzr, shop,
          amethyst_killhole, uniq_erolcha
D:12:     david_orc_5, serial_shops, shop, uniq_rupert
D:13:     uniq_frances
D:14:     lightli_vaults_fourway_checkpoint, portal_ice_cave_entry_imps,
          serial_undead, serial_undead_e, serial_undead_c, serial_undead_f,
          serial_undead_b, dk_noncrumbling_3
Lair:1:   serial_bayou_ford_a, minivault_25, beast_lair_carwin_10
Lair:2:   nicolae_volcano_entry_lava_flow, serial_bayou_shore_b, uniq_nergalle
Lair:4:   elwin_shoals_entry_rooms, dummy_spider_entry,
          hangedman_lair_unloving_vines, lemuel_fruit_tree, grunt_megastairs_2
Lair:7:   lab_entry_generic, wad_woods_03
Lair:8:   guppyfry_lair_end_dragon, hangedman_lair_caniforms_friends,
          dpeg_slime_entry_enclosed_altar, columned_hall_lemuel
Orc:2:    serial_shops, nicolae_shop_waterfront, trog_butcher_becter
Orc:3:    nicolae_orc_pool_cavern, nicolae_for_you_no_charge
Orc:4:    grunt_orc_tribal_feast, bloody_trog, uniq_nessos
Lab:      nicolae_lab_starburst, nicolae_lab_do_over, nicolae_lab_garden,
          nicolae_lab_big_swirl, nicolae_lab_grate_2, lab_statue,
          labyrinth_fake_exit
Bazaar:   bazaar_minmay_row
Sewer:    sewer_kobolds
Volcano:  volcano_grotto

Action                   |  1- 3 |  4- 6 |  7- 9 | 10-12 | 13-15 || total
-------------------------+-------+-------+-------+-------+-------++-------
Melee: Unarmed           |   141 |   232 |   398 |  1104 |   914 ||  2789
 Fire: Blowgun           |       |     6 |       |       |       ||     6
Throw: Stone             |    31 |     1 |     8 |     6 |       ||    46
 Cast: Beastly Appendage |    19 |     2 |       |       |       ||    21
       Spider Form       |     2 |    14 |    41 |     1 |       ||    58
       Ice Form          |       |       |     1 |    70 |    11 ||    82
       Blade Hands       |       |       |       |       |    62 ||    62
 Abil: End Transformatio |       |       |       |       |     1 ||     1
Evoke: Wand              |       |       |       |     9 |     4 ||    13
  Use: Scroll            |     4 |     2 |    10 |    17 |    14 ||    47
       Potion            |       |     1 |     1 |     2 |     3 ||     7
 Stab: Sleeping          |     1 |     3 |    19 |    20 |    14 ||    57
       Distracted        |       |       |     3 |     3 |     5 ||    11
       Petrified         |       |       |       |       |     3 ||     3
       Fleeing           |       |       |       |       |     2 ||     2
       Petrifying        |       |       |       |       |     1 ||     1
  Eat: Chunk             |     2 |     4 |     9 |    34 |    17 ||    66
       Beef jerky        |     1 |       |       |       |     1 ||     2
       Bread ration      |       |     1 |     2 |       |       ||     3
       Meat ration       |       |     1 |     1 |     1 |     2 ||     5
       Royal jelly       |       |       |     1 |    10 |    19 ||    30
       Pizza             |       |       |       |       |     1 ||     1
